 Dungeon Crawl Stone Soup version 0.26-a0-846-gcc8f1ee719 (webtiles) character file.

Game seed: 5544812579668416957

714 tatocazan the Ruffian (level 7, -2/65 HPs)
             Began as a Troll Hunter on Nov 19, 2020.
             Was a Follower of Okawaru.
             Slain by an orc warrior
             ... wielding a cursed -3 mace
              (17 damage)
             ... on level 7 of the Dungeon.
             The game lasted 00:10:37 (4193 turns).

tatocazan the Ruffian (Troll Hunter)                Turns: 4193, Time: 00:10:37

Health: -2/65      AC:  6    Str: 23    XL:     7   Next: 41%
Magic:  6/6        EV: 29    Int:  7    God:    Okawaru [*.....]
Gold:   217        SH:  0    Dex: 10    Spells: 6/6 levels left

rFire    . . .     SeeInvis .     - Unarmed
rCold    . . .     Faith    .   (no shield)
rNeg     . . .     Spirit   .   b - +0 robe
rPois    .         Reflect  .   (helmet restricted)
rElec    .         Harm     .   (no cloak)
rCorr    .         Rampage  .   (gloves unavailable)
MR       .....                  (boots unavailable)
Stlth    +.........             p - amulet of the acrobat
HPRegen  0.60/turn              n - +4 ring of evasion
MPRegen  0.10/turn              (no ring)

@: about to teleport, acrobat
A: large, unfitting armour, claws 3, regeneration 1, shaggy fur 1, tough skin 3
a: Heroism, Renounce Religion


You were on level 7 of the Dungeon.
You worshipped Okawaru.
Okawaru was aware of your devotion.
You visited 1 branch of the dungeon, and saw 5 of its levels.

You collected 217 gold pieces.

Inventory:

Hand Weapons
 a - a +0 short sword
 s - a +4 dire flail of holy wrath
Missiles
 c - 5 large rocks (quivered)
 d - 2 throwing nets
 i - 15 boomerangs
Armour
 b - a +0 robe (worn)
Jewellery
 j - an uncursed amulet of faith {unknown}
 n - a +4 ring of evasion (left claw)
 o - an uncursed amulet of guardian spirit
 p - an amulet of the acrobat (around neck)
Scrolls
 e - a scroll of noise {unknown}
 f - a scroll of remove curse
 g - a scroll of magic mapping {unknown}
 k - a scroll of amnesia {unknown}
 q - 2 scrolls of identify
 r - 2 scrolls of blinking {unknown}
 u - a scroll of enchant weapon {unknown}
 v - a scroll of enchant armour {unknown}
Potions
 h - a potion of haste
 l - a potion of attraction {unknown}
 t - a potion of lignification


   Skills:
 * Level 2.1 Fighting
 * Level 4.5 Throwing
 + Level 2.9 Dodging
 - Level 0.6 Stealth
 * Level 6.3 Unarmed Combat
 * Level 1.1 Invocations


You had 6 spell levels left.
You didn't know any spells.
Your spell library was empty.

Dungeon Overview and Level Annotations

Branches:
Dungeon (4/15)
 Temple: D:4-7

Altars:
Hepliaklqana
Okawaru
Vehumet
Xom


Innate Abilities, Weirdness & Mutations

You are too large for most types of armour.
You have claws for hands.
Your natural rate of healing is unusually fast.
You are covered in fur. (AC +1)
You have extremely tough skin. (AC +3)


Message History

You are too injured to fight recklessly!
You are too injured to fight recklessly!
You are too injured to fight recklessly!
You are too injured to fight recklessly!
You are too injured to fight recklessly!
You are too injured to fight recklessly!
You are too injured to fight recklessly!
You are too injured to fight recklessly!
You are too injured to fight recklessly!
You are too injured to fight recklessly!
You are too injured to fight recklessly!
You are too injured to fight recklessly!
You are too injured to fight recklessly!
You are too injured to fight recklessly!
As you read the scroll of teleportation, it crumbles to dust.
You feel strangely unstable.
The orc priest hits you but does no damage.
The orc warrior barely misses you.
The orc warrior hits you with a cursed -3 mace!
You die...

###########.##
#.#######.# #.#
#.........# #.#
########### #.# #.#
#.# #.# ###########
#.# #.........#
#####@######.#######.#
...#oo......# #.#
#.#..#####.##### #.#
#..............###.#
#.....####.........#
##...#####..##.###.#
##................#
#.#######.#...##.# #.#
#.#...##.#


You could see an orc warrior and an orc priest.

Vanquished Creatures
  Sigmund (D:3)
  Edmund (D:4)
  An orc warrior (D:7)
  A big kobold (D:7)
  A hound (D:7)
  An orc wizard (D:3)
  An orc priest (D:3)
  An iguana (D:4)
  6 adders
  An ooze (D:3)
  2 worms
  A dart slug (D:1)
  3 leopard geckos
  12 orcs
  2 ball pythons
  3 giant cockroaches
  6 hobgoblins
  A jackal (D:1)
  2 quokkas (D:2)
  7 bats
  4 frilled lizards
  7 goblins
  15 kobolds
  7 rats
87 creatures vanquished.

Vanquished Creatures (others)
  An orc wizard (D:4)
  2 adders (D:4)
  A quokka (D:4)
4 creatures vanquished.

Grand Total: 91 creatures vanquished

Notes
Turn   | Place    | Note
-------+----------+-------------------------------------------
     0 | D:1      | tatocazan the Troll Hunter began the quest for the Orb.
     0 | D:1      | Reached XP level 1. HP: 19/19 MP: 0/0
   123 | D:1      | Reached XP level 2. HP: 24/27 MP: 1/1
   941 | D:2      | Reached skill level 1 in Unarmed Combat
  1021 | D:2      | Reached XP level 3. HP: 15/33 MP: 2/2
  1288 | D:2      | HP: 1/33 [worm (1)]
  1865 | D:3      | Reached skill level 2 in Unarmed Combat
  1865 | D:3      | Reached XP level 4. HP: 40/41 MP: 3/3
  1901 | D:3      | Reached skill level 3 in Unarmed Combat
  1901 | D:3      | Reached XP level 5. HP: 49/49 MP: 4/4
  1940 | D:3      | Found a radiant altar of Vehumet.
  2231 | D:3      | Found a hazy altar of Hepliaklqana.
  2497 | D:3      | Noticed Sigmund
  2519 | D:3      | Killed Sigmund
  2520 | D:3      | Reached skill level 5 in Unarmed Combat
  2520 | D:3      | Reached XP level 6. HP: 29/57 MP: 5/5
  3102 | D:4      | Found an iron altar of Okawaru.
  3105 | D:4      | Became a worshipper of Warmaster Okawaru
  3184 | D:4      | Found a shimmering altar of Xom.
  3211 | D:4      | Noticed Edmund
  3224 | D:4      | Killed Edmund
  3357 | D:4      | You fall into a shaft and drop 3 floors!
  3417 | D:7      | Noticed an orc warrior
  3421 | D:7      | Reached XP level 7. HP: 63/63 MP: 6/6
  3506 | D:7      | HP: 1/94 [orc warrior/+0 dire flail (11)]
  3511 | D:7      | Reached skill level 6 in Unarmed Combat
  3512 | D:7      | Reached skill level 1 in Invocations
  4003 | D:7      | Reached * piety under Okawaru
  4193 | D:7      | Slain by an orc warrior

Illustrated notes

Levels and vault maps discovered:
D:1:      erik_arrival_cave_to_civilisation [erik_arrival_cave_to_temple],
          layout_basic, minmay_misc_feat_five
D:2:      layout_rooms, grunt_ministairs_3
D:3:      layout_basic, lemuel_coloured_pillars_altar, lemuel_doored_altar,
          minivault_26, uniq_sigmund
D:4:      layout_basic, marbit_many_paths, kennysheep_little_box,
          kennysheep_mini, dk_noncrumbling_3, xom_confusion_cloud, uniq_edmund
D:7:      layout_loops_corners

Skill      XL: |  1  2  3  4  5  6  7 |
---------------+----------------------+-----
Throwing       | 4 |  4.5
Unarmed Combat | 1 2 3 5 6 |  6.3
Dodging        | 2 |  2.9
Fighting       | 2 |  2.1
Invocations    | 1 |  1.1
Stealth        | |  0.6

Action                   |  1- 3 |  4- 6 |  7- 9 || total
-------------------------+-------+-------+-------++-------
Melee: Unarmed           |   156 |   112 |    51 ||   319
       Punch             |     1 |       |       ||     1
Throw: Large rock        |     3 |     4 |       ||     7
  Use: Scroll            |       |     3 |     1 ||     4
       Potion            |       |       |     6 ||     6
 Stab: Sleeping          |     2 |       |       ||     2
Armor: Robe              |    89 |    19 |     5 ||   113
       Skin              |       |       |     7 ||     7
Dodge: Dodged            |   110 |    82 |    30 ||   222

Table legend: (Time is in decaauts)
 A = Elapsed time spent in this place.
 B = Non-inter-level travel time spent in this place.
 C = Inter-level travel time spent in this place.
 D = Time resting spent in this place.
 E = Time spent auto-exploring this place.
 F = Levels seen in this place.
 G = Mean time per level.
                   A        B        C        D        E       F      G
               +--------+--------+--------+--------+--------+-----+--------+
         Total |   4161 |   4055 |    106 |   1331 |   2079 |   5 |  832.2 |
       Dungeon |   4161 |   4055 |    106 |   1331 |   2079 |   5 |  832.2 |
               +--------+--------+--------+--------+--------+-----+--------+

Top non-repeatable levels by time:
     D:3: 1253 daAuts
     D:1: 1173 daAuts
     D:7: 810 daAuts
     D:2: 575 daAuts
     D:4: 349 daAuts
